 Dungeon Crawl Stone Soup version 0.30.1-9-gdf580d7c3d (webtiles) character file.

Game seed: 1818169997114729482

345 Atelerd the Digger (level 6, -6/36 HPs)
             Began as an Octopode Earth Elementalist on Sept 25, 2023.
             Was a Follower of Sif Muna.
             Mangled by an ogre
             ... wielding a +0 giant club
              (21 damage)
             ... on level 5 of the Dungeon.
             The game lasted 00:04:25 (4544 turns).

Atelerd the Digger (Octopode Earth Elementalist)    Turns: 4544, Time: 00:04:26

Health: -6/36      AC:  3    Str: 13    XL:     6   Next: 58%
Magic:  10/10      EV: 28    Int: 19    God:    Sif Muna [*.....]
Gold:   191        SH:  0    Dex: 13    Spells: 5/10 levels left

rFire   . . .        d - +2 dagger (flame)
rCold   . . .        (no shield)
rNeg    . . .        l - +2 hat
rPois   .            p - amulet of the acrobat
rElec   .            j - +6 ring of strength
rCorr   .            (no ring)
SInv    .            (no ring)
Will    .....        (no ring)
Stlth   ++++         (no ring)
HPRegen 0.26/turn    (no ring)
MPRegen 0.12/turn    (no ring)
                     (no ring)

%: acrobat
@: acrobatic
A: almost no armour, amphibious, 8 rings, camouflage 1, gelatinous body 1,
(nimble swimmer 1), tentacles
a: Renounce Religion, Channel Magic


You were on level 5 of the Dungeon.
You worshipped Sif Muna.
Sif Muna was aware of your devotion.
You visited 2 branches of the dungeon, and saw 6 of its levels.
You also visited: Sewer.

You collected 308 gold pieces.
You spent 117 gold pieces at shops.

Inventory:

Hand Weapons
 b - a +0 dagger
 d - a +2 dagger of flaming (weapon)
Missiles
 o - 4 silver javelins
Armour
 l - a +2 hat (worn)
Jewellery
 j - a +6 ring of strength (left tentacle)
 p - an amulet of the acrobat (around mantle)
 u - a ring of ice
Scrolls
 c - 5 scrolls of teleportation
 e - a scroll of summoning {unknown}
 f - a scroll of silence {unknown}
 h - 2 scrolls of vulnerability {unknown}
 i - 3 scrolls of enchant armour {unknown}
 k - a scroll of amnesia {unknown}
 m - 3 scrolls of identify {unknown}
 v - a scroll of fear {unknown}
 y - a scroll of enchant weapon {unknown}
Potions
 a - a potion of magic
 g - a potion of haste {unknown}
 n - 5 potions of attraction {unknown}
 q - a potion of invisibility {unknown}
 r - 2 potions of curing {unknown}
 s - a potion of berserk rage {unknown}
 t - 3 potions of lignification {unknown}
 w - a potion of cancellation {unknown}
 x - a potion of mutation {unknown}


   Skills:
 * Level 0.0 Fighting
 * Level 0.0 Short Blades
 - Level 2.4 Dodging
 + Level 4.5 Stealth
 + Level 2.9 Spellcasting
 * Level 3.6 Transmutations
 * Level 4.7 Earth Magic


You had 5 spell levels left.
You knew the following spells:

 Your Spells              Type           Power      Damage    Failure   Level
a - Sandblast             Erth           40%        2d10      2%          1
p - Petrify               Tmut/Erth      18%        N/A       26%         4

Your spell library contained the following spells:

 Spells                   Type           Power      Damage    Failure   Level
 Passwall                 Tmut/Erth      15%        N/A       4%          2
 Stone Arrow              Conj/Erth      22%        3d8       17%         3


Dungeon Overview and Level Annotations

Branches:
Dungeon (5/15)             Temple (1/1) D:4           Sewer (visited)

Altars:
Hepliaklqana
Nemelex Xobeh
Sif Muna
Uskayaw
Yredelemnul
The Shining One

Shops:
D:3 *

Annotations:
D:3 1 runed translucent door, exclusion: downstairs, Crazy Yiuf
D:4 Pikel


Innate Abilities, Weirdness & Mutations

You cannot wear most types of armour.
You are amphibious.
You can wear up to eight rings at the same time.
Your skin changes colour to match your surroundings (Stealth+).
Your rubbery body absorbs attacks. (AC +1, EV +1)
((You are camouflaged when in or above water. (Stealth+)))
You have tentacles for arms and can constrict up to eight enemies at once.


Message History

You enter the shallow water.
m - 3 scrolls labelled MAMUORUETOR (gained 1)
y - a scroll labelled RUONEI QABBUK No target in view!
You enter the shallow water.
You enter the shallow water.
Key pressed, stopping explore.
You can't see any susceptible monsters within range! (Use Z to cast anyway.) No target in view!
You enter the shallow water.
Key pressed, stopping explore.
You enter the shallow water.
You see here a frilled lizard corpse.
You enter the shallow water.
You enter the shallow water.
You enter the shallow water.
Found a gate leading back out of this place.
You enter the shallow water.
You enter the shallow water.
i - 3 scrolls labelled TELONNOUXI (gained 1) Done exploring.
No target in view!
Done exploring.
No target in view!
Done exploring.
Done exploring.
Done exploring.
No target in view!
Done exploring.
There is a gate leading back out of this place here.
Welcome back to the Dungeon!
There is a collapsed entrance here.
The ogre attacks as you move away!
The ogre hits you with a +0 giant club!!
Ouch! That really hurt!
The worm misses you. The ogre attacks as you move away!
The ogre hits you with a +0 giant club!!
Ouch! That really hurt!
You die...

#.#
#.######...##.###
#.#
#.#..............
#.#
#................
# #.#
###.............
.. #.#
##...........#.#
..# #~##≈~~~~##
.. .##
#.##≈~~~≈##.# .#
#.~≈....~≈~.#.#
.#
#.~≈..wO@~≈...#
.#
#(≈~.....~~?....
^#
#.~~..[..~~.###.
## ...~≈.....≈~.#
.##.##≈~.~~##....
#. #~~.≈~# .##> .
.~...~. . .
#........ .#
..#.......


You could see an ogre and a worm.

Vanquished Creatures
  An ogre (D:4)
  A hound (D:4)
  A jelly (D:4)
  3 gnolls (D:4)
  2 river rats
  4 adders
  2 worms
  2 dart slugs (D:1)
  6 orcs
  8 bats
  6 endoplasms
  11 goblins
  6 hobgoblins
  3 jackals (D:1)
  7 kobolds
  6 quokkas
  9 ball pythons
  11 frilled lizards
  20 rats
109 creatures vanquished.

Vanquished Creatures (others)
  A lemure (D:4)
1 creature vanquished.

Grand Total: 110 creatures vanquished

Notes
Turn   | Place    | Note
-------+----------+-------------------------------------------
     0 | D:1      | Atelerd the Octopode Earth Elementalist began the quest for
                  | the Orb.
     0 | D:1      | Reached XP level 1. HP: 11/11 MP: 3/3
   184 | D:1      | Reached XP level 2. HP: 17/17 MP: 3/5
   440 | D:1      | Reached XP level 3. HP: 21/21 MP: 1/6
   559 | D:1      | Noticed a shining eye
   561 | D:1      | Found a faded altar of an unknown god.
   562 | D:1      | Noticed a floating eye
   562 | D:1      | Noticed a golden eye
   562 | D:1      | Noticed a floating eye
  1568 | D:3      | Found Mejicw's General Store.
  1573 | D:3      | Reached XP level 4. HP: 27/27 MP: 5/7
  1600 | D:3      | Bought 3 scrolls of teleportation for 117 gold pieces
  1856 | D:3      | Found a runed translucent door.
  1857 | D:3      | Noticed Crazy Yiuf
  2299 | D:4      | Found a staircase to the Ecumenical Temple.
  2556 | D:4      | Reached XP level 5. HP: 29/31 MP: 2/8
  3031 | D:4      | Noticed a lemure
  3033 | D:4      | Noticed a lemure
  3034 | D:4      | Noticed Pikel
  3035 | D:4      | Noticed a lemure
  3108 | D:4      | Noticed an ogre
  3117 | D:4      | Killed an ogre
  3118 | D:4      | Reached XP level 6. HP: 36/36 MP: 5/10
  3123 | D:4      | Learned a level 4 spell: Petrify
  3720 | Temple   | Entered the Ecumenical Temple
  3748 | Temple   | Became a worshipper of Sif Muna the Loreminder
  3869 | D:5      | Entered Level 5 of the Dungeon
  4042 | D:5      | Found a glowing drain.
  4074 | Sewer    | Entered a sewer
  4290 | Sewer    | Reached * piety under Sif Muna
  4544 | D:5      | Mangled by an ogre

Illustrated notes

Levels and vault maps discovered:
D:1:      dpeg_chamrin_arrival_tetris, layout_basic,
          hellmonk_ecumenical_altar_watching_god
D:2:      layout_loops_ring, corner_web_ring, chequers_jeans
D:3:      layout_rooms, serial_shops, nicolae_diamond_shop,
          nicolae_concentric_dashed_squares_wild, kennysheep_cluttered_room,
          uniq_crazy_yiuf_cottage
D:4:      layout_basic, minmay_temple_entry_fiery, kennysheep_small_circle,
          uniq_pikel
D:5:      layout_loops_cross, cheibrodos_sewer_entry_sluice
Temple:   nicolae_temple_superstar

Skill      XL: |  1  2  3  4  5 |
---------------+----------------+-----
Stealth        | 3 4 |  4.5
Transmutations | 2 3 |  3.6
Earth Magic    | 4 |  4.7
Dodging        | |  2.4
Spellcasting   | |  2.9

Action                     |  1- 3 |  4- 6 || total
---------------------------+-------+-------++-------
  Melee: Dagger            |    23 |    25 ||    48
         Constrict         |     7 |     3 ||    10
         Tentacles         |     4 |     5 ||     9
   Cast: Sandblast         |    39 |    81 ||   120
         Petrify           |       |     2 ||     2
  Evoke: Wand              |       |     4 ||     4
   Stab: Sleeping          |     1 |     6 ||     7
 Armour: Skin              |     5 |     8 ||    13
  Dodge: Dodged            |    31 |    50 ||    81
